 Dungeon Crawl Stone Soup version 0.17-a0-2220-g6fea741 (webtiles) character file.

16447 Protoman the Spear-Bearer (level 12, 0/86 HPs)
             Began as a Demonspawn Gladiator on Oct 28, 2015.
             Was a High Priest of Okawaru.
             Succumbed to a black mamba's poison
             ... on level 2 of the Lair of Beasts.
             The game lasted 01:53:21 (14006 turns).

Protoman the Spear-Bearer (Demonspawn Gladiator)   Turns: 14006, Time: 01:53:21

Health: 0/86       AC: 10    Str: 18    XL:     12   Next: 10%
Magic:  5/16       EV: 15    Int:  9    God:    Okawaru [*****.]
Gold:   807        SH:  0    Dex: 19    Spells: 0 memorised, 11 levels left

rFire  + + .     SeeInvis +     K - +2 bardiche (chop)
rCold  + . .     Clarity  .     S - +0 scale mail
rNeg   . . .     SustAt   .     (no shield)
rPois  +         Gourm    .     c - +1 helmet
rElec  +         Spirit   +     (no cloak)
rCorr  +         Warding  .     (no gloves)
rMut   .         Stasis   .     (boots unavailable)
MR     .....                    E - amulet of regeneration
Stlth  ++........               i - +2 ring of strength
                                u - ring of see invisible

@: lethally poisoned (0 -> -8), resistant, heroism, not resistant to hostile
enchantments, unstealthy
A: hooves 3, fire resistance 1, magic shield, flame cloud immunity
a: Heroism, Finesse, Renounce Religion


You were on level 2 of the Lair of Beasts.
You worshipped Okawaru.
Okawaru was extremely pleased with you.
You were not hungry.

You visited 2 branches of the dungeon, and saw 12 of its levels.
You also visited: Ossuary.

You collected 807 gold pieces.

Inventory:

Hand Weapons
 b - a +1 longbow of freezing
 K - a +2 bardiche of chopping (weapon)
Missiles
 h - 8 needles of paralysis
 l - 161 arrows
 n - 18 poisoned arrows
 t - 3 javelins of penetration (quivered)
 N - 3 throwing nets
Armour
 c - a +1 helmet (worn)
 S - a +0 scale mail (worn)
Jewellery
 i - a +2 ring of strength (right hand)
 u - a ring of see invisible (left hand)
 w - an uncursed ring of fire
 D - an uncursed ring of protection from magic
 E - an amulet of regeneration (around neck)
 J - an uncursed ring of ice
Wands
 d - a wand of draining (4)
 y - a wand of polymorph (15)
 I - a wand of confusion (17)
 M - a wand of disintegration (11)
 O - a wand of digging (16)
 P - a wand of lightning (6)
 Q - a wand of cold (1)
 R - a wand of fire (7)
Scrolls
 f - a scroll of fear
 j - a scroll of identify
 o - a scroll of recharging
 q - 7 scrolls of teleportation
 s - 2 scrolls of immolation
 C - 3 scrolls of amnesia
 G - 7 scrolls of remove curse {unknown}
 L - a scroll of torment {unknown}
Potions
 a - a potion of agility
 g - 3 potions of might
 k - 4 potions of resistance
 r - 2 potions of brilliance
 x - 4 potions of flight
 H - a potion of magic
Books
 p - a book of Changes

   Spells                             Type                      Level
   a - Beastly Appendage              Transmutation                1
   b - Sticks to Snakes               Transmutation                2
   c - Spider Form                    Transmutation/Poison         3
   d - Ice Form                       Ice/Transmutation            4
   e - Blade Hands                    Transmutation                5
 B - a Young Poisoner's Handbook

   Spells                             Type                      Level
   a - Sting                          Conjuration/Poison           1
   b - Cure Poison                    Poison                       2
   c - Mephitic Cloud                 Conjuration/Poison/Air       3
   d - Olgreb's Toxic Radiance        Poison                       4
   e - Venom Bolt                     Conjuration/Poison           5
Miscellaneous
 A - a legendary deck of summoning {drawn: 1}
Comestibles
 e - 5 bread rations
 m - a meat ration
 z - a royal jelly


   Skills:
 - Level 5.1(10.1) Fighting
 - Level 14.5(19.5) Polearms
 - Level 5.0(10.0) Bows
 - Level 1.8(6.8) Throwing
 - Level 3.0(8.0) Armour
 - Level 3.0(8.0) Dodging
 - Level 3.2(8.2) Unarmed Combat
 - Level 5.4 Invocations
 + Level 5.1 Evocations


You had 11 spell levels left.
You didn't know any spells.

Dungeon Overview and Level Annotations

Branches:
Dungeon (10/15)            Temple (0/1) D:6            Lair (2/8) D:10
    Orc: D:9-12

Altars:
Ashenzari
Cheibriados
Dithmenos
Elyvilon
Kikubaaqudgha
Makhleb
Nemelex Xobeh
Okawaru
Qazlal
Ru
Trog
Xom
Yredelemnul
Zin

Shops:
D:8 [   D:10 (

Annotations:
D:7 exclusion: ice statue


Innate Abilities, Weirdness & Mutations

You have hooves in place of feet.
Your flesh is heat resistant.
When hurt, damage is shared between your health and your magic reserves.
You are immune to clouds of flame.


Message History

You feel very sick.
* * * LOW HITPOINT WARNING * * *
You feel very sick.
* * * LOW HITPOINT WARNING * * *
You feel sick.
* * * LOW HITPOINT WARNING * * *
You feel very sick.
* * * LOW HITPOINT WARNING * * *
You feel sick.
* * * LOW HITPOINT WARNING * * *
You feel very sick.
* * * LOW HITPOINT WARNING * * *
You feel sick.
You feel protected.
* * * LOW HITPOINT WARNING * * *
You feel sick.
* * * LOW HITPOINT WARNING * * *
You feel sick.
You draw a card...
It is Foxfire.
You die...

#.#..##.###...†..........#PP
#.
......).....(#....######.#
P. #.................# #
###. ###.###.#....#(..## ...
######..####....## #.. .#
#...P#.#.#..####### #.. )#
#........... ##.....# #..#


You could see a wyvern and 5 friendly wyverns.

Vanquished Creatures
  A hydra (D:8)
  A flayed ghost (D:8)
  An unseen horror (D:10)
  3 hill giants (D:10)
  2 black mambas (Lair:2)
  2 spiny frogs (Lair:2)
  A troll (D:10)
  A two-headed ogre (D:9)
  5 wraiths (D:8)
  3 hippogriffs
  11 yaks
  12 fire bats (D:8)
  A steam dragon (D:7)
  The ghost of Uberwunderbarhen the Ducker, an amateur OpFi (D:3)
  3 wolves (Lair:1)
  A water moccasin (Lair:1)
  3 wargs (D:10)
  3 porcupines
  Duvessa (D:5)
  4 phantoms
  An orc warrior (D:7)
  2 ice beasts
  3 sky beasts
  An eye of draining (D:9)
  A necrophage (D:8)
  4 ogres
  5 centaurs
  6 big kobolds
  A wyvern zombie (D:10)
  6 giant frogs
  Dowan (D:5)
  A water moccasin skeleton (D:8)
  2 scorpions
  9 killer bees
  6 crimson imps
  6 centaur zombies
  The ghost of radek the Conjurer, a weakling DECj (D:4)
  2 giant frog skeletons
  6 hounds
  A human zombie (Ossuary)
  2 jellies (D:8)
  4 centaur skeletons
  A quasit (D:10)
  2 electric eels (Lair:1)
  4 orc wizards
  An iguana (D:6)
  7 orc priests
  Natasha (twice) (D:2)
  2 worker ants
  A killer bee zombie (D:7)
  An ogre zombie (Ossuary)
  2 sheep (D:8)
  The ghost of Gruud the Insei, a weakling DsTm (Ossuary)
  2 hound zombies
  A hound skeleton (D:8)
  9 mummies
  7 adders
  8 gnolls
  4 shadow imps
  An ooze (D:1)
  5 adder zombies (Ossuary)
  2 adder skeletons
  2 worms
  7 giant geckos
  28 orcs
  82 bats
  5 giant cockroaches
  9 goblins
  7 hobgoblins
  8 jackals
  5 quokkas
  2 ball pythons
  A giant gecko skeleton (D:6)
  A giant gecko zombie (D:5)
  10 giant newts
  3 goblin zombies
  3 hobgoblin zombies (Ossuary)
  A jackal skeleton (D:7)
  16 kobolds
  5 kobold zombies (Ossuary)
  2 orc zombies
  2 quokka skeletons
  4 quokka zombies
  4 rats
  5 rat zombies (Ossuary)
406 creatures vanquished.

Vanquished Creatures (others)
  A fungus (Lair:2)
  3 plants (D:8)
4 creatures vanquished.

Grand Total: 410 creatures vanquished

Notes
Turn   | Place    | Note
--------------------------------------------------------------
     0 | D:1      | Protoman the Demonspawn Gladiator began the quest for the Orb.
     0 | D:1      | Reached XP level 1. HP: 16/16 MP: 1/1
   205 | D:1      | Gained mutation: Your flesh is heat resistant. [demonic ancestry]
   205 | D:1      | Reached XP level 2. HP: 22/22 MP: 2/2
   344 | D:1      | Reached skill level 3 in Dodging
   817 | D:2      | Noticed Natasha
   985 | D:2      | Reached XP level 3. HP: 28/28 MP: 3/3
   996 | D:2      | Found an iron altar of Okawaru.
  1028 | D:2      | Killed Natasha
  1035 | D:2      | Noticed Natasha
  1286 | D:2      | Became a worshipper of Warmaster Okawaru
  1327 | D:3      | Noticed Uberwunderbarhen's ghost (amateur OpFi)
  1565 | D:2      | Killed Natasha
  1565 | D:2      | Reached skill level 4 in Polearms
  1565 | D:2      | Reached XP level 4. HP: 21/34 MP: 4/4
  1810 | D:4      | Noticed a phantom
  1894 | D:3      | Found a white marble altar of Elyvilon.
  2058 | D:4      | Found a sand-covered staircase.
  2111 | Ossuary  | Entered an ossuary
  2111 | Ossuary  | Noticed Gruud's ghost (weakling DsTm)
  2127 | Ossuary  | Killed Gruud's ghost
  2208 | Ossuary  | Gained mutation: You have large cloven feet. [demonic ancestry]
  2208 | Ossuary  | Reached XP level 5. HP: 39/39 MP: 5/5
  2256 | Ossuary  | Reached skill level 5 in Polearms
  2372 | Ossuary  | Reached * piety under Okawaru
  2413 | Ossuary  | Reached XP level 6. HP: 15/45 MP: 6/6
  2477 | Ossuary  | Reached skill level 6 in Polearms
  3222 | D:3      | Killed Uberwunderbarhen's ghost
  3222 | D:3      | Reached skill level 7 in Polearms
  3222 | D:3      | Gained mutation: You have hoof-like feet. [demonic ancestry]
  3222 | D:3      | Reached XP level 7. HP: 51/51 MP: 7/7
  3297 | D:3      | Found a basalt altar of Yredelemnul.
  3537 | D:4      | Killed a phantom
  3567 | D:4      | Noticed radek's ghost (weakling DECj)
  3586 | D:4      | Killed radek's ghost
  3590 | D:4      | Reached skill level 8 in Polearms
  4052 | D:4      | Found a shimmering altar of Xom.
  4058 | D:4      | Found a bloodstained altar of Trog.
  4061 | D:4      | Found an ancient bone altar of Kikubaaqudgha.
  4094 | D:5      | Entered Level 5 of the Dungeon
  4113 | D:5      | Reached ** piety under Okawaru
  4233 | D:5      | Got a jasper-encrusted leather armour
  4244 | D:5      | Noticed Duvessa
  4244 | D:5      | Noticed Dowan
  4323 | D:5      | Killed Duvessa
  4391 | D:5      | Killed Dowan
  4391 | D:5      | Reached XP level 8. HP: 57/57 MP: 8/8
  4427 | D:5      | Found a glowing silver altar of Zin.
  4657 | D:5      | Found a shadowy altar of Dithmenos.
  4705 | D:5      | Reached skill level 9 in Polearms
  4753 | D:5      | Identified the cursed +1 leather armour "Foew" {rC+ rN+} (You found it on level 5 of the Dungeon)
  4817 | D:5      | Found a shattered altar of Ashenzari.
  5511 | D:6      | Found a staircase to the Ecumenical Temple.
  5668 | D:6      | Found a snail-covered altar of Cheibriados.
  5766 | D:6      | Found a sacrificial altar of Ru.
  5857 | D:6      | Found a white marble altar of Elyvilon.
  6100 | D:7      | Reached skill level 10 in Polearms
  6120 | D:7      | Reached skill level 1 in Evocations
  6126 | D:7      | Reached *** piety under Okawaru
  6517 | D:7      | Reached XP level 9. HP: 62/62 MP: 12/12
  6598 | D:7      | Reached skill level 1 in Bows
  6598 | D:7      | Reached skill level 1 in Armour
  6598 | D:7      | Reached skill level 1 in Unarmed Combat
  6790 | D:7      | Noticed an ice statue
  6856 | D:7      | Found a burning altar of Makhleb.
  7402 | D:7      | Received a gift from Okawaru
  8184 | D:8      | Reached skill level 11 in Polearms
  8275 | D:8      | Reached **** piety under Okawaru
  8339 | D:8      | HP: 3/93 [wraith (5)]
  8386 | D:8      | Gained mutation: When hurt, damage is shared between your health and your magic reserves. [demonic ancestry]
  8386 | D:8      | Reached XP level 10. HP: 6/68 MP: 11/13
  8584 | D:8      | Reached skill level 12 in Polearms
  8917 | D:8      | Reached ***** piety under Okawaru
  8989 | D:8      | Found an ancient bone altar of Kikubaaqudgha.
  8996 | D:8      | Found a sparkling altar of Nemelex Xobeh.
  8999 | D:8      | Found a snail-covered altar of Cheibriados.
  9000 | D:8      | Found a runed door.
  9014 | D:8      | Found a sparkling altar of Nemelex Xobeh.
  9016 | D:8      | Found an iron altar of Okawaru.
  9020 | D:8      | Found a white marble altar of Elyvilon.
  9036 | D:8      | Noticed a flayed ghost
  9052 | D:8      | Killed a flayed ghost
  9052 | D:8      | Reached skill level 13 in Polearms
  9061 | D:8      | Identified the Almanac of Companions
  9120 | D:8      | Found Lesoen's Armour Emporium.
  9187 | D:8      | Noticed a three-headed hydra
  9451 | D:8      | Killed a six-headed hydra
  9776 | D:8      | Found a stormy altar of Qazlal.
 10019 | D:9      | Received a gift from Okawaru
 10025 | D:9      | Gained mutation: You have hooves in place of feet. [demonic ancestry]
 10025 | D:9      | Reached XP level 11. HP: 69/73 MP: 11/14
 10306 | D:9      | Found a sparkling altar of Nemelex Xobeh.
 10307 | D:9      | Noticed an ettin
 10637 | D:9      | Reached skill level 14 in Polearms
 10707 | D:10     | Entered Level 10 of the Dungeon
 10758 | D:9      | Received a gift from Okawaru
 11067 | D:10     | Found a staircase to the Lair.
 11076 | D:10     | Reached skill level 1 in Invocations
 11190 | Lair:1   | Entered Level 1 of the Lair of Beasts
 11271 | D:10     | Noticed a hill giant
 11303 | D:10     | Found Apaarch's Antique Weapon Shop.
 11350 | D:10     | Noticed a hill giant
 11356 | D:10     | Killed a hill giant
 11533 | D:10     | Killed a hill giant
 11637 | D:10     | Noticed an unseen horror
 11644 | D:10     | Killed an unseen horror
 11644 | D:10     | Reached skill level 5 in Invocations
 11774 | D:10     | Received a gift from Okawaru
 11844 | D:10     | Noticed a hill giant
 11851 | D:10     | Killed a hill giant
 12343 | Lair:1   | Received a gift from Okawaru
 13071 | Lair:2   | Reached skill level 5 in Bows
 13259 | Lair:2   | Received a gift from Okawaru
 13540 | Lair:2   | Gained mutation: You are immune to clouds of flame. [demonic ancestry]
 13540 | Lair:2   | Reached XP level 12. HP: 45/84 MP: 6/16
 13641 | Lair:2   | Reached skill level 5 in Fighting
 13991 | Lair:2   | Reached skill level 5 in Evocations
 14002 | Lair:2   | HP: 4/86 [poisoned by a black mamba]
 14005 | Lair:2   | HP: 1/86 [poisoned by a black mamba]
 14006 | Lair:2   | Succumbed to a black mamba's poison

Vault maps used:
D:1:      dpeg_arrival_windows_large_door, serial_forest,
          infiniplex_forest_clump_small, infiniplex_forest_side_room,
          infiniplex_forest_lined_room_3, infiniplex_forest_lined_ring
D:2:      okawaru_ov_weapons_minmay, uniq_natasha
D:3:      nicolae_overflow_hidden_temple, first_bread, elyvilon_altar_5
D:4:      minitemple, nicolae_ossuary_entry_giza
D:5:      grunt_dithmenos_shadows, zin_statuary, evilmike_ruin_ashenzari,
          uniq_duvessa
D:6:      slow_altar_1, kennysheep_mini_moat, minmay_temple_entry_glassed_door,
          nicolae_ru_sacrificial_ziggurat
D:7:      lemuel_ice_statue, nicolae_overflow_crystal_walls
D:8:      due_megacathedral, nicolae_qazlal_eye_of_the_storm, serial_shops,
          shop, hangedman_ranch
D:9:      grunt_nemelex_the_gamble
D:10:     erik_lair_orcish_takeover, serial_co_window_serial, co_window_paths_a,
          co_window_corner_a, co_window_corner_a, co_window_corner_a,
          co_window_corner_a, co_window_paths_a, co_window_paths_b,
          co_window_corner_a, co_window_of_opportunity_a, co_window_broadway_b,
          co_window_of_opportunity_b, co_window_2corner, co_window_corner_cb,
          co_window_paths_c, glass_columns_a, glass_columns_b, glass_columns_a,
          glass_columns_b, glass_columns_b, serial_shops, kennysheep_mini
Lair:1:   serial_bayou_shore_a, grunt_megastairs_3
Ossuary:  ossuary_boxes_badplayer

Action                   |  1- 3 |  4- 6 |  7- 9 | 10-12 || total
-------------------------+-------+-------+-------+-------++-------
Melee: Trident           |   124 |   338 |   623 |   290 ||  1375
       Glaive            |       |       |       |   176 ||   176
       Bardiche          |       |       |       |   225 ||   225
 Fire: Longbow           |       |       |   123 |    72 ||   195
       Shortbow          |       |       |    11 |       ||    11
Throw: Stone             |    10 |    27 |     4 |     1 ||    42
       Throwing net      |     1 |     1 |     4 |     1 ||     7
       Javelin           |       |       |       |    13 ||    13
Invok: Heroism           |       |       |     1 |     5 ||     6
Evoke: Wand              |       |       |    21 |    18 ||    39
       Deck              |       |       |       |     1 ||     1
  Use: Scroll            |       |     8 |    11 |    11 ||    30
       Potion            |       |     2 |     6 |    11 ||    19
 Stab: Confused          |       |       |       |     2 ||     2
  Eat: Chunk             |     1 |     4 |    12 |    10 ||    27
       Beef jerky        |       |     2 |     1 |       ||     3
       Bread ration      |       |     1 |       |     3 ||     4
       Meat ration       |       |       |     1 |       ||     1
       Fruit             |       |       |       |     7 ||     7
       Royal jelly       |       |       |       |     1 ||     1
